 Dungeon Crawl Stone Soup version 0.30-a0-404-g0b3c3f4973 (webtiles) character file.

Game seed: 11225914100474118412

67 epen the Magician (level 4, -6/32 HPs)
             Began as a Gnoll Hedge Wizard on Dec 7, 2022.
             Killed from afar by Ijyb (15 damage)
             ... with a bolt of light
             ... on level 3 of the Dungeon.
             The game lasted 00:03:33 (2326 turns).

epen the Magician (Gnoll Hedge Wizard)              Turns: 2326, Time: 00:03:34

Health: -6/32      AC:  2    Str:  9    XL:     4   Next: 16%
Magic:  4/13       EV: 13    Int: 15    God:
Gold:   121        SH:  0    Dex: 12    Spells: 14/17 levels left

rFire   . . .      SeeInvis +    k - +3 dagger
rCold   . . .      Faith    .    (no shield)
rNeg    . . .      Spirit   .    b - +0 robe
rPois   .          Reflect  .    c - +0 hat
rElec   .          Harm     .    (no cloak)
rCorr   .          Rampage  .    (no gloves)
Will    .....                    (no boots)
Stlth   ++........               (no amulet)
HPRegen 0.25/turn                o - ring of see invisible
MPRegen 0.13/turn                (no ring)

@: very slightly contaminated
A: fangs 1, strong nose, distributed training
a: no special abilities


You were on level 3 of the Dungeon.
You visited 1 branch of the dungeon, and saw 3 of its levels.

You collected 121 gold pieces.

Inventory:

Hand Weapons
 a - a +0 dagger
 k - a +3 dagger (weapon)
Armour
 b - a +0 robe (worn)
 c - a +0 hat (worn)
Jewellery
 h - a ring of ice
 o - a ring of see invisible (left hand)
Scrolls
 i - 3 scrolls of identify {unknown}
 j - a scroll of torment {unknown}
Potions
 d - a potion of magic
 e - 3 potions of might {unknown}
 f - 3 potions of curing {unknown}
 g - a potion of degeneration {unknown}
 l - 2 potions of brilliance {unknown}
 m - a potion of lignification {unknown}
 n - a potion of attraction {unknown}


   Skills:
 + Level 1.1 Fighting
 + Level 1.1 Short Blades
 + Level 1.1 Long Blades
 + Level 1.1 Axes
 + Level 1.1 Maces & Flails
 + Level 1.1 Polearms
 + Level 1.1 Staves
 + Level 1.1 Ranged Weapons
 + Level 1.1 Throwing
 + Level 1.1 Armour
 + Level 4.6 Dodging
 + Level 4.2 Stealth
 + Level 1.1 Shields
 + Level 1.1 Unarmed Combat
 + Level 7.2 Spellcasting
 + Level 2.2 Conjurations
 + Level 0.8 Hexes
 + Level 2.2 Summonings
 + Level 0.8 Necromancy
 + Level 2.2 Translocations
 + Level 0.8 Transmutations
 + Level 0.8 Fire Magic
 + Level 0.8 Ice Magic
 + Level 0.8 Air Magic
 + Level 0.8 Earth Magic
 + Level 0.8 Poison Magic
 + Level 1.2 Invocations
 + Level 1.1 Evocations


You had 14 spell levels left.
You knew the following spells:

 Your Spells              Type           Power      Damage    Failure   Level
a - Magic Dart            Conj           48%        1d5       5%          1
b - Blink                 Tloc           24%        N/A       8%          2

Your spell library contained the following spells:

 Spells                   Type           Power      Damage    Failure   Level
 Foxfire                  Conj/Fire      40%        2x1d6     7%          1
 Call Imp                 Summ           12%        N/A       8%          2
 Slow                     Hex            32%        N/A       9%          1
 Cigotuvi's Dreadful Rot  Necr/Pois/Air  16%        N/A       14%         2
 Mephitic Cloud           Conj/Pois/Air  9%         N/A       22%         3
 Fireball                 Conj/Fire      5%         3d5       88%         5
 Starburst                Conj/Fire      5%         6d4       100%        6


Dungeon Overview and Level Annotations

Branches:
Dungeon (3/15)

Altars:
Hepliaklqana

Annotations:
D:3 Ijyb


Innate Abilities, Weirdness & Mutations

You have very sharp teeth.
Your uncanny sense of smell can sniff out nearby items.
Your experience applies equally to all skills.


Message History

The adder is severely wounded.
The adder barely misses you. The adder bites you.
You puncture the adder!
You kill the adder!
Casting: Magic Dart (safe; 5% risk of failure)
Confirm with . or Enter, or press ? or * to list all spells.
Aiming: Magic Dart (safe; 5% risk of failure)
Press: ? - help, Shift-Dir - straight line, f - Ijyb
Aim: Ijyb, wielding a +0 dagger, wearing a +0 leather armour and carrying a wand of light (5) (100% to hit)
You miscast Magic Dart.
Nothing appears to happen.
Ijyb zaps a wand.
The bolt of light hits you!!
Ouch! That really hurt!
Casting: Magic Dart (safe; 5% risk of failure)
Confirm with . or Enter, or press ? or * to list all spells.
Aiming: Magic Dart (safe; 5% risk of failure)
Press: ? - help, Shift-Dir - straight line, f/p - Ijyb
Aim: Ijyb, wielding a +0 dagger, wearing a +0 leather armour and carrying a wand of light (4) (100% to hit)
The magic dart hits Ijyb but does no damage.
Ijyb zaps a wand.
The bolt of light hits you.
* * * LOW HITPOINT WARNING * * *
Casting: Magic Dart (safe; 5% risk of failure)
Confirm with . or Enter, or press ? or * to list all spells.
Aiming: Magic Dart (safe; 5% risk of failure)
Press: ? - help, Shift-Dir - straight line, f/p - Ijyb
Aim: Ijyb, wielding a +0 dagger, wearing a +0 leather armour and carrying a wand of light (3) (100% to hit)
The magic dart hits the hobgoblin but does no damage.
Casting: Magic Dart (safe; 5% risk of failure)
Confirm with . or Enter, or press ? or * to list all spells.
Aiming: Magic Dart (safe; 5% risk of failure)
Press: ? - help, Shift-Dir - straight line, f/p - Ijyb
Aim: Ijyb, wielding a +0 dagger, wearing a +0 leather armour and carrying a wand of light (3) (100% to hit)
You miscast Magic Dart.
Nothing appears to happen.
Casting: Magic Dart (safe; 5% risk of failure)
Confirm with . or Enter, or press ? or * to list all spells.
Aiming: Magic Dart (safe; 5% risk of failure)
Press: ? - help, Shift-Dir - straight line, f/p - Ijyb
Aim: Ijyb, wielding a +0 dagger, wearing a +0 leather armour and carrying a wand of light (3) (100% to hit)
The magic dart hits Ijyb but does no damage.
Ijyb zaps a wand.
The bolt of light hits you!
You die...

.. .. ######.# .#
#...... .#.# #....g.
.... #....g# ...
#....†###.##.#
#....@.......#
#.#.##..#.##.#
#.##..#.....
##.#........#.#
#........##.#)# ######
#..###...##.#.# #.....
..............# #.#.##
.##........#.####.#.##
#.#.................


You could see Ijyb and a hobgoblin.

Vanquished Creatures
  2 adders (D:3)
  3 worms (D:2)
  An orc (D:3)
  3 endoplasms (D:1)
  2 giant cockroaches
  5 hobgoblins
  4 jackals (D:2)
  3 ball pythons
  4 bats
  5 frilled lizards
  A goblin (D:2)
  3 kobolds
  6 rats
42 creatures vanquished.

Notes
Turn   | Place    | Note
-------+----------+-------------------------------------------
     0 | D:1      | epen the Gnoll Hedge Wizard began the quest for the Orb.
     0 | D:1      | Reached XP level 1. HP: 13/13 MP: 8/8
   436 | D:1      | Reached XP level 2. HP: 19/19 MP: 5/10
   671 | D:1      | Found a faded altar of an unknown god.
  1063 | D:2      | Learned a level 2 spell: Blink
  1110 | D:2      | Reached XP level 3. HP: 25/25 MP: 9/11
  1522 | D:2      | Found a hazy altar of Hepliaklqana.
  1556 | D:2      | Reached skill level 1 in Invocations
  2139 | D:3      | Reached skill level 1 in Fighting
  2139 | D:3      | Reached skill level 1 in Short Blades
  2139 | D:3      | Reached skill level 1 in Long Blades
  2139 | D:3      | Reached skill level 1 in Axes
  2139 | D:3      | Reached skill level 1 in Maces & Flails
  2139 | D:3      | Reached skill level 1 in Polearms
  2139 | D:3      | Reached skill level 1 in Staves
  2139 | D:3      | Reached skill level 1 in Ranged Weapons
  2139 | D:3      | Reached skill level 1 in Throwing
  2139 | D:3      | Reached skill level 1 in Armour
  2139 | D:3      | Reached skill level 1 in Shields
  2139 | D:3      | Reached skill level 1 in Unarmed Combat
  2139 | D:3      | Reached skill level 1 in Evocations
  2234 | D:3      | Reached XP level 4. HP: 30/32 MP: 13/13
  2317 | D:3      | Noticed Ijyb
  2326 | D:3      | Killed from afar by Ijyb

Illustrated notes

Levels and vault maps discovered:
D:1:      elethiomel_arrival_maze, layout_rooms,
          hellmonk_ecumenical_altar_crossroads, minmay_misc_feat_cross
D:2:      layout_loops_ring, basic_altar
D:3:      layout_loops_cross, minmay_misc_feat_square, uniq_ijyb

Skill      XL: |  1  2  3 |
---------------+----------+-----
Conjurations   | 2 |  2.2
Summonings     | 2 |  2.2
Translocations | 2 |  2.2
Invocations    | 1 |  1.2
Fighting       | 1 |  1.1
Short Blades   | 1 |  1.1
Long Blades    | 1 |  1.1
Axes           | 1 |  1.1
Maces & Flails | 1 |  1.1
Polearms       | 1 |  1.1
Staves         | 1 |  1.1
Ranged Weapons | 1 |  1.1
Throwing       | 1 |  1.1
Armour         | 1 |  1.1
Shields        | 1 |  1.1
Unarmed Combat | 1 |  1.1
Evocations     | 1 |  1.1
Dodging        | |  4.6
Stealth        | |  4.2
Spellcasting   | |  7.2
Hexes          | |  0.8
Necromancy     | |  0.8
Transmutations | |  0.8
Fire Magic     | |  0.8
Ice Magic      | |  0.8
Air Magic      | |  0.8
Earth Magic    | |  0.8
Poison Magic   | |  0.8

Action                   |  1- 3 |  4- 6 || total
-------------------------+-------+-------++-------
Melee: Dagger            |    32 |     3 ||    35
       Bite              |     4 |       ||     4
 Cast: Magic Dart        |   104 |     7 ||   111
 Stab: Sleeping          |     1 |       ||     1
Armor: Robe              |     7 |       ||     7
Dodge: Dodged            |    29 |     2 ||    31

Table legend: (Time is in decaauts)
 A = Elapsed time spent in this place.
 B = Non-inter-level travel time spent in this place.
 C = Inter-level travel time spent in this place.
 D = Time resting spent in this place.
 E = Time spent auto-exploring this place.
 F = Levels seen in this place.
 G = Mean time per level.
                   A        B        C        D        E       F      G
               +--------+--------+--------+--------+--------+-----+--------+
         Total |   2323 |   2286 |     37 |      0 |   2027 |   3 |  774.3 |
       Dungeon |   2323 |   2286 |     37 |      0 |   2027 |   3 |  774.3 |
               +--------+--------+--------+--------+--------+-----+--------+

Top non-repeatable levels by time:
     D:2: 1002 daAuts
     D:1: 878 daAuts
     D:3: 442 daAuts
